 Dungeon Crawl Stone Soup version 0.26-a0-665-gefeb406119 (webtiles) character file.

Game seed: 7244425724500333717

1988 robertstho the Slinger (level 9, 0/61 HPs)
             Began as a Halfling Hunter on Oct 14, 2020.
             Was a Believer of Okawaru.
             Slain by a vampire mosquito (8 damage)
             ... on level 8 of the Dungeon.
             The game lasted 00:07:09 (5033 turns).

robertstho the Slinger (Halfling Hunter)            Turns: 5033, Time: 00:07:10

Health: 0/61       AC: 10    Str: 14    XL:     9   Next: 44%
Magic:  11/11      EV: 14    Int: 15    God:    Okawaru [**....]
Gold:   397        SH:  0    Dex: 17    Spells: 8/8 levels left

rFire    + . .     SeeInvis .   a - +1 hunting sling
rCold    . . .     Faith    .   (shield restricted)
rNeg     . . .     Spirit   .   r - +3 ring mail of Dithmenos's Esteem {rF+}
rPois    .         Reflect  .   (no helmet)
rElec    .         Harm     .   (no cloak)
rCorr    .         Rampage  .   p - +0 pair of gloves
MR       .....                  (no boots)
Stlth    +.........             (no amulet)
HPRegen  0.20/turn              l - +6 ring of intelligence
MPRegen  0.12/turn              (no ring)

@: about to teleport
A: small, mutation resistance 1
a: Heroism, Renounce Religion


You were on level 8 of the Dungeon.
You worshipped Okawaru.
Okawaru was pleased with you.
You visited 2 branches of the dungeon, and saw 8 of its levels.

You collected 397 gold pieces.

Inventory:

Hand Weapons
 a - a +1 hunting sling (weapon)
 m - a +2 trident of protection
 n - the +6 dagger of Drought {vorpal, *Rage Str+4}
   (You found it on level 4 of the Dungeon)

   It inflicts extra damage upon your enemies.
   It affects your strength (+4).
   It may make you go berserk in combat.
Missiles
 i - 238 stones (quivered)
Armour
 f - a +1 leather armour of positive energy
 p - a +0 pair of gloves (worn)
 r - the +3 ring mail of Dithmenos's Esteem (worn) {rF+}
   (You found it on level 6 of the Dungeon)

   It protects you from fire.
Jewellery
 l - a +6 ring of intelligence (left hand)
Wands
 g - a wand of polymorph (3)
Scrolls
 b - a scroll of random uselessness {unknown}
 c - 6 scrolls of teleportation
 e - a scroll of brand weapon {unknown}
 h - 2 scrolls of fog
 j - 3 scrolls of immolation
 o - 2 scrolls of remove curse
 q - a scroll of enchant armour


   Skills:
 * Level 5.3 Fighting
 * Level 13.2 Slings
 + Level 3.7 Armour
 + Level 3.0 Dodging
 + Level 1.2 Stealth
 * Level 3.6 Invocations


You had 8 spell levels left.
You didn't know any spells.
Your spell library was empty.

Dungeon Overview and Level Annotations

Branches:
Dungeon (8/15)             Temple (1/1) D:5
   Lair: D:8-11

Altars:
Ashenzari
Cheibriados
Dithmenos
Elyvilon
Fedhas
Gozag
Hepliaklqana
Makhleb
Nemelex Xobeh
Okawaru
Qazlal
Ru
Sif Muna
Trog
Wu Jian
Xom
Zin
The Shining One

Shops:
D:8 }


Innate Abilities, Weirdness & Mutations

You are small and have problems with some larger weapons.
You are somewhat resistant to further mutation.


Message History

The vampire mosquito bites you.
* * * LOW HITPOINT WARNING * * *
The vampire mosquito draws strength from your injuries!
The jelly jiggles.
Unknown command.
As you read the scroll of teleportation, it crumbles to dust.
You feel strangely unstable. The vampire mosquito misses you.
The vampire mosquito bites you.
* * * LOW HITPOINT WARNING * * *
The vampire mosquito draws strength from your injuries!
The vampire mosquito misses you. x2; The vampire mosquito bites you.
* * * LOW HITPOINT WARNING * * *
The vampire mosquito draws strength from your injuries!
The vampire mosquito misses you.
Firing (i - inventory)
i - 239 stones (quivered)
Press: ? - help, Shift-Dir - straight line, f/p - vampire mosquito
Aim: a vampire mosquito (heavily damaged)
You shoot a stone. The stone misses the vampire mosquito.
The vampire mosquito misses you. The vampire mosquito bites you!
You die...

.#(. #.# ######### ... #.#
#........ . ..# #.#
#.####### #. ##(. #.# #.#
...#((. #.#####.#
.......###########.......#
#....((...J........######
.. #(.(........yy###.###
.. #(..#########@y.....#
.. .((#. #####.### #. # #
### #.# ##.. #... . ####
.. #. ... #. .... ###.


You could see 3 vampire mosquitoes and a jelly (fleeing).

Vanquished Creatures
  A cyclops (D:7)
  A steam dragon (D:7)
  Menkaure (D:5)
  3 orc warriors
  3 phantoms
  3 bullfrogs
  A water moccasin skeleton (D:4)
  A scorpion (D:8)
  A howler monkey (D:4)
  A quasit (D:7)
  A jelly (D:8)
  A bullfrog zombie (D:5)
  4 orc wizards
  An orc priest (D:7)
  An iguana (D:4)
  5 worker ants
  Ijyb (D:4)
  6 adders
  A shadow imp (D:5)
  2 ufetubi
  An ooze (D:4)
  3 adder skeletons (D:4)
  A worm (D:5)
  2 leopard geckos
  12 orcs
  A ball python (D:4)
  A giant cockroach (D:1)
  2 goblins
  2 hobgoblins (D:1)
  6 jackals
  A kobold (D:2)
  2 quokkas
  3 bats
  A frilled lizard (D:1)
  A giant cockroach zombie (D:5)
  2 jackal skeletons
  2 leopard gecko skeletons
  3 rats
85 creatures vanquished.

Notes
Turn   | Place    | Note
-------+----------+-------------------------------------------
     0 | D:1      | robertstho the Halfling Hunter began the quest for the Orb.
     0 | D:1      | Reached XP level 1. HP: 14/14 MP: 1/1
   152 | D:1      | Reached skill level 6 in Slings
   222 | D:1      | Reached XP level 2. HP: 19/19 MP: 2/2
   902 | D:2      | You fall into a shaft and drop 2 floors!
   903 | D:4      | Noticed Ijyb
   912 | D:4      | Killed Ijyb
   912 | D:4      | Reached skill level 7 in Slings
   912 | D:4      | Reached XP level 3. HP: 24/24 MP: 3/3
   990 | D:4      | Reached XP level 4. HP: 29/29 MP: 4/4
  1139 | D:4      | Reached skill level 8 in Slings
  1347 | D:4      | Reached XP level 5. HP: 34/34 MP: 5/5
  1462 | D:4      | Got a pitted dagger
  1462 | D:4      | Identified the +6 dagger of Drought {vorpal, *Rage Str+4}
                  | (You found it on level 4 of the Dungeon)
  1490 | D:4      | Reached XP level 6. HP: 38/41 MP: 6/6
  1518 | D:4      | Noticed a phantom
  1529 | D:4      | Killed a phantom
  1529 | D:4      | Reached skill level 9 in Slings
  1874 | D:4      | Found a blossoming altar of Fedhas.
  1989 | D:5      | Entered Level 5 of the Dungeon
  2000 | D:5      | Reached skill level 10 in Slings
  2198 | D:5      | Reached XP level 7. HP: 46/46 MP: 7/7
  2215 | D:5      | Found a staircase to the Ecumenical Temple.
  2277 | Temple   | Entered the Ecumenical Temple
  2367 | Temple   | Became a worshipper of Warmaster Okawaru
  2479 | D:5      | Noticed Menkaure
  2492 | D:5      | Reached skill level 1 in Armour
  2494 | D:5      | Killed Menkaure
  2640 | D:5      | Reached skill level 1 in Invocations
  2906 | D:6      | Reached skill level 11 in Slings
  2953 | D:6      | Reached * piety under Okawaru
  2953 | D:6      | Reached XP level 8. HP: 52/52 MP: 8/8
  3130 | D:6      | Got a twisted ring mail
  3150 | D:5      | Identified the +3 ring mail of Dithmenos's Esteem {rF+}
                  | (You found it on level 6 of the Dungeon)
  3634 | D:6      | Found a shadowy altar of Dithmenos.
  3931 | D:7      | Noticed a cyclops
  3957 | D:7      | Killed a cyclops
  3957 | D:7      | Reached ** piety under Okawaru
  3957 | D:7      | Reached skill level 12 in Slings
  3957 | D:7      | Reached XP level 9. HP: 26/59 MP: 8/11
  4414 | D:7      | Reached skill level 5 in Fighting
  4675 | D:8      | Found Niet's Gadget Shoppe.
  4684 | D:7      | Reached skill level 13 in Slings
  5033 | D:8      | Slain by a vampire mosquito

Illustrated notes

Levels and vault maps discovered:
D:1:      nicolae_arrival_memento_mori, layout_loops_ring
D:2:      layout_basic, serial_bayou_lagoon_b
D:4:      layout_loops_ring, fedhas_altar_4, uniq_ijyb
D:5:      layout_rooms, minmay_temple_entry_waves, uniq_menkaure
D:6:      layout_rooms, nicolae_dithmenos_through_a_glass_darkly,
          kennysheep_small_circle
D:7:      layout_basic
D:8:      layout_loops_ring, vehumet_crystals, dpeg_lair_monsters, serial_shops,
          shop, nicolae_shop_waterfront, shop, chequers_hall_statues_y
Temple:   lightli_temple_of_artemis

Skill      XL: |  1  2  3  4  5  6  7  8  9 |
---------------+----------------------------+-----
Slings         | 6 7 8 10 11 12 13 | 13.2
Fighting       | 2 3 4 5 |  5.3
Armour         | 2 3 |  3.7
Invocations    | 1 2 3 |  3.6
Dodging        | 3 |  3.0
Stealth        | |  1.2

Action                   |  1- 3 |  4- 6 |  7- 9 || total
-------------------------+-------+-------+-------++-------
Melee: Dagger            |       |       |     4 ||     4
 Fire: Hunting sling     |    52 |   132 |   266 ||   450
Invok: Heroism           |       |       |     4 ||     4
  Use: Scroll            |     3 |       |     8 ||    11
       Potion            |       |       |     3 ||     3
Armor: Leather armour    |     2 |     9 |    12 ||    23
       Ring mail         |       |       |    22 ||    22
Dodge: Dodged            |     6 |    24 |    78 ||   108

Table legend: (Time is in decaauts)
 A = Elapsed time spent in this place.
 B = Non-inter-level travel time spent in this place.
 C = Inter-level travel time spent in this place.
 D = Time resting spent in this place.
 E = Time spent auto-exploring this place.
 F = Levels seen in this place.
 G = Mean time per level.
                   A        B        C        D        E       F      G
               +--------+--------+--------+--------+--------+-----+--------+
         Total |   4894 |   4664 |    230 |     36 |   3958 |   8 |  611.8 |
       Dungeon |   4784 |   4574 |    210 |     36 |   3884 |   7 |  683.4 |
        Temple |    110 |     90 |     20 |      0 |     74 |   1 |  110.0 |
               +--------+--------+--------+--------+--------+-----+--------+

Top non-repeatable levels by time:
     D:4: 1057 daAuts
     D:7: 980 daAuts
     D:5: 777 daAuts
     D:1: 776 daAuts
     D:6: 760 daAuts
     D:8: 311 daAuts
     D:2: 120 daAuts
  Temple: 110 daAuts
